 Dungeon Crawl Stone Soup version 0.29-a0-322-g68df515428 (webtiles) character file.

Game seed: 15670846878399159221

7483 mdonais the Reanimator (level 11, -24/70 HPs)
             Began as an Octopode Conjurer on Apr 8, 2022.
             Killed from afar by a purple draconian shifter (40 damage)
             ... with a bolt of dispelling energy
             ... on level 1 of the Abyss.
             The game lasted 00:49:56 (10995 turns).

mdonais the Reanimator (Octopode Conjurer)         Turns: 10995, Time: 00:49:57

Health: -24/70     AC:  5    Str:  8    XL:     11   Next: 16%
Magic:  2/22       EV: 13    Int: 24    God:
Gold:   487        SH:  6    Dex: 10    Spells: 11/25 levels left

rFire   . . .      SeeInvis .   K - staff of earth
rCold   . . .      Faith    .   H - +1 buckler
rNeg    . . .      Spirit   .   (helmet restricted)
rPois   .          Reflect  .   r - amulet of regeneration
rElec   .          Harm     .   y - +4 ring of protection
rCorr   .          Rampage  .   N - ring of willpower
Will    +....                   (no ring)
Stlth   +++.......              (no ring)
HPRegen 1.01/turn               (no ring)
MPRegen 0.18/turn               (no ring)
                                (no ring)
                                (no ring)

@: no status effects
A: almost no armour, amphibious, 8 rings, camouflage 1, gelatinous body 1,
(nimble swimmer 1), tentacles
a: no special abilities


You were on level 1 of the Abyss.
You visited 2 branches of the dungeon, and saw 10 of its levels.
You visited the Abyss 1 time.
You also visited: Bailey.

You collected 487 gold pieces.

Inventory:

Hand Weapons
 q - a +0 hand axe of venom
   (You took it off an orc on level 7 of the Dungeon)
 s - a +0 hunting sling
   (You found it on level 2 of the Dungeon)
 x - a +0 halberd
   (You took it off a gnoll on level 3 of the Dungeon)
 C - a +0 scimitar of flaming
   (You took it off Erica on level 8 of the Dungeon)
 O - a +0 long sword of electrocution
   (You found it on level 6 of the Dungeon)
 S - a +2 dagger of speed
   (You found it on level 8 of the Dungeon)
 U - a +1 dagger of holy wrath
   (You took it off a goblin on level 4 of the Dungeon)
 W - a +2 war axe of pain
   (You found it on level 8 of the Dungeon)
Missiles
 b - 143 stones (quivered)
 t - 16 boomerangs
 v - 6 javelins
 F - 6 curare-tipped darts
 I - 5 poisoned darts
 Z - a throwing net {=!f}
Armour
 H - a +1 buckler (worn)
   (You found it on level 2 of the Dungeon)
Magical Staves
 K - a staff of earth (weapon)
   (You found it in a bailey)
Jewellery
 k - an amulet of reflection
   (You found it on level 2 of the Dungeon)
 r - an amulet of regeneration (around mantle)
   (You found it on level 6 of the Dungeon)
 y - a +4 ring of protection (left tentacle)
   (You found it on level 3 of the Dungeon)
 N - a ring of willpower (right tentacle)
   (You found it on level 7 of the Dungeon)
Wands
 A - a wand of acid (6)
   (You took it off an orc on level 8 of the Dungeon)
 D - a wand of digging (9)
   (You took it off Sigmund on level 4 of the Dungeon)
 P - a wand of polymorph (13)
   (You took it off a wight on level 8 of the Dungeon)
 V - a wand of flame (42)
   (You found it on level 6 of the Dungeon)
Scrolls
 c - 6 scrolls of amnesia
 d - 2 scrolls of silence
 m - 2 scrolls of fog
 n - a scroll of fear
 o - a scroll of enchant weapon {unknown}
 p - 3 scrolls of immolation
 u - a scroll of enchant armour
 L - a scroll of summoning
 M - 3 scrolls of magic mapping
 R - 2 scrolls of identify
 T - 2 scrolls of teleportation
Potions
 a - 2 potions of magic
 e - a potion of might {unknown}
 f - a potion of mutation {unknown}
 g - 2 potions of attraction {unknown}
 h - a potion of ambrosia {unknown}
 i - 3 potions of cancellation {unknown}
 j - 2 potions of lignification
 l - 2 potions of flight {unknown}
 E - a potion of invisibility
 G - 6 potions of haste {unknown}
 J - a potion of resistance {unknown}
 Q - 5 potions of curing


   Skills:
 - Level 4.8 Fighting
 - Level 4.2 Dodging
 + Level 4.0 Stealth
 - Level 5.0 Shields
 - Level 7.9 Spellcasting
 - Level 7.0 Conjurations
 - Level 3.0 Hexes
 - Level 8.1 Necromancy
 - Level 8.1 Earth Magic


You had 11 spell levels left.
You knew the following spells:

 Your Spells              Type           Power      Damage    Failure   Level
a - Magic Dart            Conj           100%       1d8       1%          1
b - Searing Ray           Conj           86%        2d7       1%          2
c - Dazzling Flash        Conj/Hex       66%        N/A       3%          3
d - Borgnjor's Vile Clut  Necr/Erth      32%        N/A       9%          5
e - Confusing Touch       Hex            23%        N/A       8%          3

Your spell library contained the following spells:

 Spells                   Type           Power      Damage    Failure   Level
 Shock                    Conj/Air       100%       1d9       1%          1
 Vampiric Draining        Necr           48%        2d9       1%          3
 Slow                     Hex            92%        N/A       2%          1
 Fulminant Prism          Conj/Hex       16%        3d11      11%         4
 Summon Guardian Golem    Hex/Summ       16%        N/A       14%         3
 Iskenderun's Mystic Bla  Conj/Tloc      26%        2d7       21%         4
 Gell's Gravitas          Tloc           9%         N/A       26%         3
 Swiftness                Air            9%         N/A       26%         3
 Teleport Other           Tloc           9%         N/A       26%         3
 Airstrike                Air            4%         N/A       63%         4
 Alistair's Intoxication  Tmut/Pois      6%         N/A       93%         5
 Manifold Assault         Tloc           9%         N/A       93%         5
 Orb of Destruction       Conj           21%        9d8       99%         7
 Eringya's Noxious Bog    Tmut/Pois      4%         N/A       100%        6
 Spellforged Servitor     Conj/Summ      13%        N/A       100%        7
 Disjunction              Tloc           4%         N/A       100%        8


Dungeon Overview and Level Annotations

Branches:
Dungeon (9/15)             Temple (1/1) D:6          Bailey (visited)
   Lair: D:8-11         Orc: D:9-12

Altars:
Ashenzari
Cheibriados
Dithmenos
Elyvilon
Fedhas
Gozag
Hepliaklqana
Kikubaaqudgha
Makhleb
Nemelex Xobeh
Okawaru
Qazlal
Ru
Sif Muna
Trog
Uskayaw
Xom
Yredelemnul
Zin
The Shining One

Shops:
D:8 [

Annotations:
D:4 3 runed translucent doors, Blork the orc; RubberRat's ghost, amateur DrCj; SirDiesAlot's ghost, amateur MiFi; bande's ghost, amateur GrFi; oblizorion1's ghost, amateur HOCA
D:9 Psyche


Innate Abilities, Weirdness & Mutations

You cannot wear most types of armour.
You are amphibious.
You can wear up to eight rings at the same time.
Your skin changes colour to match your surroundings (Stealth+).
Your rubbery body absorbs attacks. (AC +1, EV +1)
((You are camouflaged when in or above water. (Stealth+)))
You have tentacles for arms and can constrict up to eight enemies at once.


Message History

The zombie hands constrict the large abomination, but do no damage.
The large abomination struggles to escape constriction.
The zombie hands constrict the large abomination, but do no damage.
The large abomination struggles to escape constriction.
The zombie hands constrict the large abomination.
The large abomination struggles to escape constriction.
The zombie hands constrict the large abomination.
The large abomination escapes!
Casting: Borgnjor's Vile Clutch (dangerous; 9% risk of failure)
Confirm with . or Enter, or press ? or * to list all spells.
Aiming: Borgnjor's Vile Clutch (dangerous; 9% risk of failure)
Press: ? - help, Shift-Dir - straight line, f/p - large abomination
Aim: a large abomination (almost destroyed, 100% to hit)
You feel a surge of power!
You miscast Borgnjor's Vile Clutch.
You are very lightly contaminated with residual magic.
Nothing appears to happen.
An orange demon comes into view.
You now have 0/22 mp.
The orange demon screeches!
Your magical contamination has completely faded away.
Casting: Borgnjor's Vile Clutch (dangerous; 9% risk of failure)
Confirm with . or Enter, or press ? or * to list all spells.
You don't have enough magic to cast this spell.
Casting: Borgnjor's Vile Clutch (dangerous; 9% risk of failure)
Confirm with . or Enter, or press ? or * to list all spells.
Aiming: Borgnjor's Vile Clutch (dangerous; 9% risk of failure)
Press: ? - help, Shift-Dir - straight line, f/p - large abomination
Aim: a large abomination (almost destroyed, 100% to hit)
You feel a surge of power!
Zombie hands grab the large abomination.
The zombie hands constrict the large abomination.
You destroy the large abomination!
That felt strangely unrewarding.
You now have 2/22 mp.
You start resting.
A large abomination comes into view.
You regained 9 mp, and now have 12/22 mp.
Casting: Borgnjor's Vile Clutch (dangerous; 9% risk of failure)
Confirm with . or Enter, or press ? or * to list all spells.
Aiming: Borgnjor's Vile Clutch (dangerous; 9% risk of failure)
Press: ? - help, Shift-Dir - straight line, f - large abomination
Aim: a large abomination (wandering, hasn't noticed you, 100% to hit)
You feel a surge of power!
Zombie hands grab the large abomination.
The zombie hands constrict the large abomination.
The large abomination hits you!!
You take 32 damage, and have 38/70 hp.
MASSIVE DAMAGE!!
You now have 7/22 mp.
A worldbinder comes into view.
The zombie hands constrict the large abomination.
The large abomination hits you.
You take 1 damage, and have 37/70 hp.
The zombie hands constrict the large abomination!
The zombie hands constrict the large abomination.
The large abomination struggles to escape constriction.
The zombie hands lose their grip on something.
Casting: Borgnjor's Vile Clutch (dangerous; 9% risk of failure)
Confirm with . or Enter, or press ? or * to list all spells.
Aiming: Borgnjor's Vile Clutch (dangerous; 9% risk of failure)
Press: ? - help, Shift-Dir - straight line, p - large abomination
Okay, then.
Unknown command.
As you read the scroll of teleportation, it crumbles to dust.
You feel strangely unstable.
You feel the power of the Abyss delaying your translocation!
A tentacled starspawn comes into view.
The purple draconian shifter roars!
The thrashing horror roars!
You hear a screech!
The purple draconian shifter mumbles some strange words.
The purple draconian shifter blinks!
An orange demon and a starcursed mass come into view.
You block the thrashing horror's attack.
The thrashing horror closely misses you.
The purple draconian shifter breathes dispelling energy at you.
The bolt of dispelling energy hits you!!
You feel strangely stable.
* * * LOW HITPOINT WARNING * * *
You take 29 damage, and have 21/70 hp.
MASSIVE DAMAGE!!
Blink to where?
Press: ? - help, Dir - move target, p - large abomination
As you read the scroll of blinking, it crumbles to dust.
As you read the scroll of teleportation, it crumbles to dust.
You feel strangely unstable.
You feel the power of the Abyss delaying your translocation!
Casting: Borgnjor's Vile Clutch (dangerous; 9% risk of failure)
Confirm with . or Enter, or press ? or * to list all spells.
Aiming: Borgnjor's Vile Clutch (dangerous; 9% risk of failure)
Press: ? - help, Shift-Dir - straight line, f - thrashing horror
Aim: a thrashing horror (100% to hit)
You feel a surge of power!
Zombie hands grab the thrashing horror.
The zombie hands constrict the thrashing horror!
The thrashing horror struggles to escape constriction. x2
You now have 5/22 mp.
The zombie hands constrict the thrashing horror!
The thrashing horror escapes!
As you read the scroll of holy word, it crumbles to dust.
You speak a Word of immense power!
The orange demon convulses!
The thrashing horror tramples you!
* * * LOW HITPOINT WARNING * * *
You hold your ground!
The thrashing horror closely misses you.
You take 7 damage, and have 19/70 hp.
Okay, then.
Casting: Borgnjor's Vile Clutch (dangerous; 9% risk of failure)
Confirm with . or Enter, or press ? or * to list all spells.
Aiming: Borgnjor's Vile Clutch (dangerous; 9% risk of failure)
Press: ? - help, Shift-Dir - straight line, f/p - thrashing horror
Aim: a thrashing horror (heavily damaged, 100% to hit)
You feel a surge of power!
Zombie hands grab the thrashing horror.
The zombie hands constrict the thrashing horror!
The thrashing horror struggles to escape constriction. x3
You now have 1/22 mp.
Aiming: Corrosive Bolt
Press: ? - help, Shift-Dir - straight line, f/p - thrashing horror
Aim: a thrashing horror (severely damaged, constricted by zombie hands, 100% to hit)
The bolt of acid hits the thrashing horror!
The thrashing horror is almost destroyed.
The zombie hands constrict the thrashing horror!
You destroy the thrashing horror!
That felt strangely unrewarding.
The orange demon stings you but does no damage.
Okay, then.
Unknown command.
Unknown command.
As you read the scroll of fear, it crumbles to dust.
You assume a fearsome visage.
The purple draconian shifter resists with almost no effort.
The orange demon looks frightened!
The large abomination is unaffected.
The purple draconian shifter breathes dispelling energy at you.
The bolt of dispelling energy hits you!!
You feel strangely stable.
* * * LOW HITPOINT WARNING * * *
You take 18 damage, and have 5/70 hp.
MASSIVE DAMAGE!!
You feel much better. The large abomination hits you!
* * * LOW HITPOINT WARNING * * *
The orange demon is lost in a daze.
The purple draconian shifter casts a spell at you.
You struggle to resist.
You regained 10 hp, and now have 15/70 hp.
As you read the scroll of summoning, it crumbles to dust.
Wisps of shadow whirl around you...
The orange demon is lost in a daze.
The purple draconian shifter breathes dispelling energy at you.
The bolt of dispelling energy hits your tentacled starspawn!
The bolt of dispelling energy hits your hell hound!
The bolt of dispelling energy hits you!!!
Ouch! That really hurt!
You die...

.. . # .# ### ##.. .
#§#### # ###.###
..§.§#@#§§§ ......#
#.##.#XhhXh..# . #.
##..###x###X##.#
#.#.#..#.#..h#...q4#
# .###X .##.##...##
.#X# #. #X##. .#.§
##x.##.. ..#..#.# #
#..#§.....## #.##
X... ..4.


You could see a purple draconian shifter (catching breath, ally target), an
orange demon (fleeing, dazed, ally target), a large abomination (ally target), a
worldbinder, a friendly starcursed mass (summoned), a friendly tentacled
starspawn (summoned) and 4 friendly hell hounds.

Vanquished Creatures
  An orc warlord (Bailey)
  Erica (D:8)
  A thrashing horror (Abyss:1)
  An ugly thing (D:9)
  Sigmund (D:4)
  A large abomination (Abyss:1)
  A water moccasin (D:7)
  2 orc warriors (Bailey)
  3 black bears
  2 ice beasts
  2 sky beasts
  3 centaurs
  An ogre (D:5)
  2 phantoms (D:5)
  A kobold brigand (D:6)
  4 bullfrogs
  A scorpion (D:4)
  A necrophage (D:5)
  3 wights (D:8)
  3 howler monkeys (D:8)
  A crimson imp (Abyss:1)
  3 hounds
  A jelly (D:6)
  4 orc priests
  A gnoll shaman (D:3)
  3 iguanas
  An orc wizard (D:8)
  6 adders
  10 gnolls
  2 white imps (D:6)
  2 ufetubi
  2 worms
  3 dart slugs
  15 orcs
  5 endoplasms
  3 giant cockroaches
  12 goblins
  13 hobgoblins
  2 jackals (D:1)
  16 kobolds
  7 ball pythons
  3 frilled lizards
  3 rats
153 creatures vanquished.

Vanquished Creatures (others)
  14 fungi
  11 plants (D:7)
  4 toadstools (D:8)
  2 withered plants (D:4)
31 creatures vanquished.

Grand Total: 184 creatures vanquished

Notes
Turn   | Place    | Note
-------+----------+-------------------------------------------
     0 | D:1      | mdonais the Octopode Conjurer began the quest for the Orb.
     0 | D:1      | Reached XP level 1. HP: 11/11 MP: 3/3
   330 | D:1      | Reached XP level 2. HP: 18/18 MP: 1/5
   435 | D:1      | You fall into a shaft and drop 1 floor!
   630 | D:2      | Reached XP level 3. HP: 19/22 MP: 0/6
   666 | D:2      | Reached skill level 1 in Fighting
   673 | D:2      | Learned a level 2 spell: Searing Ray
   677 | D:2      | Learned a level 3 spell: Dazzling Flash
  1638 | D:3      | Found a shimmering blue altar of Sif Muna.
  1728 | D:3      | Reached XP level 4. HP: 28/28 MP: 0/7
  2165 | D:3      | Reached XP level 5. HP: 33/33 MP: 6/8
  2196 | D:3      | Reached skill level 1 in Shields
  2382 | D:3      | Reached skill level 5 in Conjurations
  2682 | D:3      | Found a shimmering altar of Xom.
  2831 | D:4      | Noticed Sigmund
  2868 | D:4      | Killed Sigmund
  2869 | D:4      | Reached XP level 6. HP: 39/39 MP: 2/11
  2974 | D:4      | Reached XP level 7. HP: 23/45 MP: 2/12
  3604 | D:4      | Noticed Blork the orc
  3779 | D:4      | Found a runed translucent gate.
  3780 | D:4      | Found a runed translucent gate.
  3781 | D:4      | Found a runed translucent gate.
  3781 | D:4      | Noticed oblizorion1's ghost (amateur HOCA)
  3781 | D:4      | Noticed RubberRat's ghost (amateur DrCj)
  3782 | D:4      | Noticed SirDiesAlot's ghost (amateur MiFi)
  3782 | D:4      | Noticed bande's ghost (amateur GrFi)
  3893 | D:5      | Entered Level 5 of the Dungeon
  3896 | D:5      | Found a white marble altar of Elyvilon.
  4032 | D:5      | Got the Incunabulum of Displacement
  4692 | D:5      | Reached XP level 8. HP: 26/51 MP: 1/14
  5372 | D:6      | Found a staircase to the Ecumenical Temple.
  5395 | Temple   | Entered the Ecumenical Temple
  5505 | D:6      | Learned a level 5 spell: Borgnjor's Vile Clutch
  6540 | D:6      | Reached skill level 5 in Spellcasting
  7089 | D:7      | Found an ancient bone altar of Kikubaaqudgha.
  7109 | D:7      | Reached skill level 5 in Shields
  7113 | D:7      | Found a flagged portal.
  7123 | Bailey   | Entered a bailey
  7195 | Bailey   | Noticed an orc warlord
  7576 | Bailey   | Reached XP level 9. HP: 56/56 MP: 2/18
  7794 | Bailey   | Found a runed translucent gate.
  7794 | Bailey   | Found a runed translucent gate.
  7804 | Bailey   | Found a runed translucent gate.
  7876 | Bailey   | Reached skill level 1 in Necromancy
  7876 | Bailey   | Reached skill level 1 in Earth Magic
  8243 | Bailey   | Learned a level 3 spell: Confusing Touch
  8265 | Bailey   | Killed an orc warlord
  8386 | Bailey   | Reached XP level 10. HP: 62/65 MP: 18/21
  8654 | D:7      | Found a shadowy altar of Dithmenos.
  9418 | D:8      | Noticed Erica
  9424 | D:8      | Killed Erica
  9425 | D:8      | Reached XP level 11. HP: 70/70 MP: 0/22
  9784 | D:8      | Found Laintepp's Antique Armour Shop.
 10431 | D:9      | Noticed a cyan ugly thing
 10437 | D:9      | Killed a cyan ugly thing
 10580 | D:9      | Noticed Psyche
 10591 | D:9      | Cast into level 1 of the Abyss (Psyche)
 10823 | Abyss:1  | Noticed a green death
 10833 | Abyss:1  | Found a hazy altar of Hepliaklqana.
 10837 | Abyss:1  | Noticed a kraken
 10968 | Abyss:1  | Noticed a worldbinder
 10976 | Abyss:1  | Noticed a purple draconian shifter
 10977 | Abyss:1  | Noticed a thrashing horror
 10979 | Abyss:1  | Noticed a tentacled starspawn
 10982 | Abyss:1  | Noticed a starcursed mass
 10990 | Abyss:1  | Killed a thrashing horror
 10995 | Abyss:1  | Killed from afar by a purple draconian shifter

Illustrated notes

Levels and vault maps discovered:
D:1:      heliophobic_arrival_henge, layout_basic, amethyst_killhole
D:2:      layout_rooms, chequers_serial_rivers_small_b
D:3:      layout_basic, tgw_xom, mainiacjoe_overflow_six_doors_small
D:4:      layout_loops_ring, gammafunk_ghost_cemetery, uniq_sigmund,
          uniq_blork_the_orc
D:5:      layout_loops_ring, lemuel_doored_altar
D:6:      layout_loops_ring, temple_pool_b, serial_aquarium,
          aquarium_bridge_island_small [aquarium_subvault_small_open,
          aquarium_subvault_wall, aquarium_subvault_wall,
          aquarium_subvault_wall, aquarium_subvault_bridge],
          aquarium_window_corner, aquarium_window_3, aquarium_window_fake,
          aquarium_window_1, aquarium_view_2d
D:7:      layout_basic, mainiacjoe_overflow_catch_the_wave, enter_bailey_2
D:8:      layout_rooms, serial_shops, nicolae_shop_crystal,
          minmay_misc_feat_five, minmay_gold_behind_fungi, uniq_erica
D:9:      layout_long_grid, nicolae_overflow_crystal_walls, uniq_psyche,
          uniq_harold
Temple:   regret_index_temple_waves
Abyss:1:  base: D:1, evilmike_abyss_exit_kraken, evilmike_abyss_exit_9

Skill      XL: |  1  2  3  4  5  6  7  8  9 10 11 |
---------------+----------------------------------+-----
Stealth        | 3 4 |  4.0
Fighting       | 1 2 3 4 |  4.8
Shields        | 2 4 5 |  5.0
Conjurations   | 5 6 7 |  7.0
Spellcasting   | 3 4 6 7 |  7.9
Hexes          | 2 3 |  3.0
Necromancy     | 7 8 |  8.1
Earth Magic    | 7 8 |  8.1
Dodging        | 4 |  4.2

Action                   |  1- 3 |  4- 6 |  7- 9 | 10-12 || total
-------------------------+-------+-------+-------+-------++-------
Melee: Short sword       |     3 |       |       |       ||     3
       Constrict         |     3 |     2 |     2 |     3 ||    10
       Dagger            |     8 |    35 |    73 |       ||   116
       Tentacles         |     2 |     4 |     4 |     1 ||    11
       Punch             |       |       |     2 |     1 ||     3
       Staff             |       |       |       |     8 ||     8
 Fire: Hunting sling     |       |       |    86 |       ||    86
Throw: Dart              |       |       |     6 |       ||     6
       Javelin           |       |       |     6 |       ||     6
       Stone             |       |       |     3 |       ||     3
 Cast: Magic Dart        |    61 |    20 |   113 |    38 ||   232
       Searing Ray       |     3 |    13 |    51 |     5 ||    72
       Confusing Touch   |       |       |     1 |       ||     1
       Borgnjor's Vile C |       |       |       |    35 ||    35
       Dazzling Flash    |       |       |       |     2 ||     2
Evoke: Wand              |       |       |       |     1 ||     1
  Use: Scroll            |       |     2 |     9 |    10 ||    21
       Potion            |       |     2 |     5 |     1 ||     8
 Stab: Sleeping          |       |       |     1 |       ||     1
Armor: Skin              |     1 |    22 |    46 |     8 ||    77
Dodge: Dodged            |     4 |    12 |    33 |    23 ||    72
Block: Other             |     5 |       |       |       ||     5
       Buckler           |     1 |    13 |    51 |    21 ||    86
       Reflection        |       |       |     4 |     2 ||     6

Table legend: (Time is in decaauts)
 A = Elapsed time spent in this place.
 B = Non-inter-level travel time spent in this place.
 C = Inter-level travel time spent in this place.
 D = Time resting spent in this place.
 E = Time spent auto-exploring this place.
 F = Levels seen in this place.
 G = Mean time per level.
                   A        B        C        D        E       F      G
               +--------+--------+--------+--------+--------+-----+--------+
         Total |  11048 |  10746 |    302 |   3949 |   4201 |  12 |  920.7 |
       Dungeon |   9227 |   8943 |    284 |   3306 |   4099 |   9 | 1025.2 |
        Temple |    102 |     84 |     18 |      0 |     16 |   1 |  102.0 |
         Abyss |    403 |    403 |      0 |    235 |      0 |   1 |  403.0 |
        Bailey |   1313 |   1313 |      0 |    408 |     86 |   1 | 1313.0 |
               +--------+--------+--------+--------+--------+-----+--------+

Top non-repeatable levels by time:
     D:6: 1586 daAuts
     D:5: 1442 daAuts
  Bailey: 1313 daAuts
     D:7: 1207 daAuts
     D:4: 1171 daAuts
     D:3: 1059 daAuts
     D:8: 919 daAuts
     D:1: 841 daAuts
     D:2: 822 daAuts
 Abyss:1: 403 daAuts
     D:9: 176 daAuts
  Temple: 102 daAuts
